 Dungeon Crawl Stone Soup version 0.21-a0-237-g87df72b (webtiles) character file.

36143 4thArraOfDagon the Black Belt (level 13, -1/121 HPs)
             Began as a Demonspawn Hunter on Sept 2, 2017.
             Was a Priest of Ashenzari.
             Slain by a meliai
             ... wielding a +1 war axe of flaming
              (5 damage)
             ... while paralysed
             ... on level 15 of the Dungeon.
             The game lasted 00:47:31 (7782 turns).

4thArraOfDagon the Black Belt (Demonspawn Hunter)   Turns: 7782, Time: 00:47:31

Health: -1/121     AC:  4    Str: 15    XL:     13   Next: 51%
Magic:  0/16       EV:  2    Int: 17    God:    Ashenzari [***...]
Gold:   625        SH:  0    Dex: 15    Spells: 16/16 levels left

rFire    . . .     SeeInvis +     - Unarmed
rCold    . . .     Gourm    .   (no shield)
rNeg     . . .     Faith    .   j - +0 troll leather armour
rPois    .         Spirit   +   l - +0 helmet
rElec    .         Reflect  .   y - +0 cloak (curse)
rCorr    .         Harm     .   (gloves unavailable)
MR       .....                  (no boots)
Stlth    +.........             i - amulet of rage
HPRegen  1.70/turn              q - ring of see invisible
MPRegen  0.15/turn              Q - +3 ring of strength

@: paralysed, lethally poisoned (-1 -> -1), corroded, berserk cooldown, slowed
A: claws 3, rugged brown scales 2, powered by death 1, robust 1, magic shield
a: Curse Item, Scrying, Renounce Religion, Evoke Berserk Rage


You were on level 15 of the Dungeon.
You worshipped Ashenzari.
Ashenzari was most pleased with you.
You were very hungry.

You visited 1 branch of the dungeon, and saw 15 of its levels.
You also visited: Ossuary.

You collected 793 gold pieces.
You spent 168 gold pieces at shops.

Inventory:

Hand Weapons
 p - a +1 dagger of electrocution
 T - a +0 blowgun
Missiles
 c - 7 javelins (quivered)
 D - an exploding tomahawk
 U - 9 curare-tipped needles
Armour
 b - a +0 leather armour
 g - a +0 ring mail
 j - a +0 troll leather armour (worn)
 k - a +2 chain mail of positive energy
 l - a +0 helmet (worn)
 y - a cursed +0 cloak (worn)
 C - a +0 leather armour of fire resistance
 X - a +0 robe of magic resistance
Jewellery
 a - an uncursed amulet of regeneration
 i - an amulet of rage (around neck)
 q - a ring of see invisible (left claw)
 Q - a +3 ring of strength (right claw)
Wands
 s - a wand of disintegration (0/24)
 z - a wand of disintegration (4/24)
 F - a wand of iceblast (0/15)
 I - a wand of flame (26/48)
 L - a wand of paralysis (4/24)
 N - a wand of flame (24/48)
 P - a wand of polymorph (5/24)
 S - a wand of confusion (11/48)
 W - a wand of lightning (0/15)
 Z - a wand of random effects (7/48)
Scrolls
 d - a scroll of silence {unknown}
 e - 10 scrolls of remove curse
 h - a scroll of immolation
 m - a scroll of random uselessness
 o - 3 scrolls of teleportation
 u - 2 scrolls of enchant weapon {unknown}
 v - 6 scrolls of enchant armour {unknown}
 A - a scroll of recharging {unknown}
 B - 6 scrolls of magic mapping {unknown}
 H - a scroll of torment {unknown}
 J - a scroll of brand weapon {unknown}
 M - a scroll of acquirement {unknown}
Potions
 n - a potion of heal wounds
 r - 4 potions of haste
 t - 2 potions of cancellation
 w - 4 potions of flight
 x - 4 potions of lignification
 K - 2 potions of magic
 O - a potion of might
 V - a potion of curing
 Y - a potion of berserk rage {unknown}
Comestibles
 f - 12 bread rations
 R - a meat ration


   Skills:
 + Level 11.4 Fighting
 - Level 3.6 Throwing
 + Level 9.4 Dodging
 - Level 0.8 Stealth
 * Level 15.4 Unarmed Combat
 + Level 2.0 Spellcasting
 - Level 3.1 Evocations


You had 16 spell levels left.
You didn't know any spells.

Dungeon Overview and Level Annotations

Branches:
Dungeon (15/15)            Temple (0/1) D:6
   Lair: D:8-11         Orc: D:9-12      Vaults: D:13-14     Depths: D:15

Altars:
Ashenzari
Dithmenos
Fedhas
Hepliaklqana
Kikubaaqudgha
Makhleb
Nemelex Xobeh
Qazlal
Sif Muna
Trog
Vehumet
Yredelemnul
Zin
The Shining One
Beogh

Shops:
D:10 *   D:14 [

Portals:
Trove: D:15 (give +6 demon trident)

Annotations:
D:3 4thArraOfDagon's ghost, weakling HuEn
D:7 Joseph
D:12 Erolcha
D:14 Frances
D:15 exclusion: Roxanne, Roxanne


Innate Abilities, Weirdness & Mutations

You have claws for hands.
You are mostly covered in rugged brown scales. (AC +2, +5% HP)
You regenerate a little health from kills.
When hurt, damage is shared between your health and your magic reserves.
You are robust. (+10% HP)


Message History

The meliai hits you with a war axe of flaming.
The meliai burns you. The meliai stings you.
The meliai hits you with a war axe of flaming!
* * * LOW HITPOINT WARNING * * *
The meliai burns you.
* * * LOW HITPOINT WARNING * * *
The meliai stings you!
* * * LOW HITPOINT WARNING * * *
You are poisoned.
The meliai poisons you!
The meliai hits you with a war axe of flaming!
* * * LOW HITPOINT WARNING * * *
The meliai burns you.
* * * LOW HITPOINT WARNING * * *
The meliai barely misses you.
You feel sick.
The meliai hits you with a war axe of flaming!
* * * LOW HITPOINT WARNING * * *
The meliai burns you.
You die...

##### ##...#.# * ....#
##......# * ###<#
#.......####### #.#
#.............. #.#
#........##### ##.##
##.....#)# * ##...##
##...##.# , * *
......# ####*#.# *
##....# #@# ,
*##.#.##########y# * ,
# #.#.........[..## *
###.###########...####
,* ##..# #.....#....#
,* ##.## #.###...##.#
* .#.# * ##.## {# ,
.#.# #..#* {* *, .#.#
#y.. {* *


You could see a meliai.

Vanquished Creatures
  3 ogre magi (D:15)
  Harold (D:12)
  2 hydras
  A centaur warrior (D:15)
  16 two-headed ogres
  Erica (D:11)
  2 tengu warriors
  Pikel (D:8)
  3 manticores (D:13)
  The ghost of sveltemanboy the Scholar of Death, a novice DsMo of Kikubaaqudgha (D:6)
  A cyclops (D:15)
  An ugly thing (D:13)
  An elephant (D:15)
  A black mamba (shapeshifter) (D:14)
  A guardian serpent (D:11)
  Psyche (D:12)
  A gargoyle (D:15)
  2 kobold demonologists (D:13)
  An efreet (D:13)
  2 tengu conjurers
  6 trolls
  A hornet (D:10)
  2 meliai (D:15)
  Grinder (D:5)
  6 hippogriffs
  A spriggan (D:9)
  A shadow (D:12)
  4 wyverns
  A wraith (D:12)
  14 yaks
  2 vampire mosquitoes (D:15)
  An acid dragon (D:15)
  6 orc warriors
  2 ice beasts
  2 hornet zombies
  4 phantoms
  2 eyes of draining (D:3)
  2 sky beasts
  8 ogres
  9 centaurs
  4 big kobolds
  A gnoll sergeant (D:10)
  9 bullfrogs
  A wyvern skeleton (D:12)
  A troll zombie (Ossuary)
  3 scorpions
  9 killer bees (D:9)
  2 howler monkeys
  5 wights (D:6)
  5 crimson imps
  A bullfrog zombie (D:10)
  5 centaur zombies
  9 orc priests
  3 jellies
  8 orc wizards
  2 human zombies (Ossuary)
  3 hounds
  4 centaur skeletons
  Ijyb (D:5)
  4 iguanas
  2 worker ants
  Natasha (D:2)
  2 ogre zombies (Ossuary)
  7 mummies (Ossuary)
  8 gnolls
  12 adders
  3 shadow imps
  An ooze (D:4)
  3 adder zombies (Ossuary)
  2 adder skeletons
  3 worms
  3 dart slugs
  37 orcs
  3 giant cockroaches
  12 goblins
  3 hobgoblins
  7 jackals (D:2)
  29 kobolds
  5 quokkas
  A ball python (D:1)
  3 bats
  6 frilled lizards
  6 goblin zombies (Ossuary)
  3 hobgoblin zombies (Ossuary)
  A jackal zombie (D:4)
  5 kobold zombies (Ossuary)
  2 leopard gecko skeletons
  3 quokka zombies
  8 rats
  4 rat zombies (Ossuary)
383 creatures vanquished.

Vanquished Creatures (others)
  A fungus (D:11)
  A plant (D:11)
2 creatures vanquished.

Grand Total: 385 creatures vanquished

Notes
Turn   | Place    | Note
-------+----------+-------------------------------------------
     0 | D:1      | 4thArraOfDagon the Demonspawn Hunter began the quest for the Orb.
     0 | D:1      | Reached XP level 1. HP: 16/16 MP: 1/1
   101 | D:1      | Reached skill level 1 in Unarmed Combat
   135 | D:1      | Gained mutation: You regenerate a little health from kills. [demonic ancestry]
   135 | D:1      | Reached XP level 2. HP: 20/22 MP: 2/2
   225 | D:2      | Found a shattered altar of Ashenzari.
   233 | D:2      | Became a worshipper of Ashenzari the Shackled
   348 | D:2      | Found a stormy altar of Qazlal.
   386 | D:2      | Reached skill level 2 in Unarmed Combat
   387 | D:2      | Reached XP level 3. HP: 27/27 MP: 3/3
   409 | D:2      | Noticed Natasha
   412 | D:2      | :(
   423 | D:2      | Killed Natasha
   423 | D:2      | Reached skill level 1 in Evocations
   519 | D:2      | Reached XP level 4. HP: 13/33 MP: 5/5
   765 | D:2      | Found a glowing golden altar of the Shining One.
   804 | D:2      | Reached skill level 3 in Unarmed Combat
  1069 | D:3      | Found a bloodstained altar of Trog.
  1069 | D:3      | Noticed an eye of draining
  1070 | D:3      | Noticed an eye of draining
  1112 | D:3      | Killed an eye of draining
  1112 | D:3      | Reached skill level 4 in Unarmed Combat
  1112 | D:3      | Gained mutation: You are partially covered in rugged brown scales. (AC +1, +3% HP) [demonic ancestry]
  1112 | D:3      | Reached XP level 5. HP: 33/39 MP: 0/6
  1141 | D:3      | Killed an eye of draining
  1141 | D:3      | Gained mutation: You have sharp fingernails. [demonic ancestry]
  1141 | D:3      | Reached XP level 6. HP: 42/45 MP: 2/8
  1193 | D:3      | Found a burning altar of Makhleb.
  1195 | D:3      | Found a glowing silver altar of Zin.
  1196 | D:3      | Noticed a cacodemon
  1196 | D:3      | Noticed an angel
  1214 | D:3      | Noticed 4thArraOfDagon's ghost (weakling HuEn)
  1267 | D:4      | Noticed an orc warrior
  1390 | D:3      | Reached skill level 5 in Unarmed Combat
  1443 | D:4      | Found a sparkling altar of Nemelex Xobeh.
  1630 | D:4      | Found a sand-covered staircase.
  1639 | Ossuary  | Entered an ossuary
  1666 | Ossuary  | Gained mutation: You have very sharp fingernails. [demonic ancestry]
  1666 | Ossuary  | Reached XP level 7. HP: 30/51 MP: 9/9
  1699 | Ossuary  | Reached skill level 6 in Unarmed Combat
  2236 | D:4      | Found an ancient bone altar of Kikubaaqudgha.
  2304 | D:5      | Entered Level 5 of the Dungeon
  2383 | D:5      | Noticed Grinder
  2384 | D:5      | Paralysed by Grinder for 7 turns
  2395 | D:5      | Paralysed by Grinder for 3 turns
  2403 | D:5      | Killed Grinder
  2403 | D:5      | Reached skill level 7 in Unarmed Combat
  2403 | D:5      | Gained mutation: You are mostly covered in rugged brown scales. (AC +2, +5% HP) [demonic ancestry]
  2403 | D:5      | Reached XP level 8. HP: 60/60 MP: 10/10
  2634 | D:5      | Reached skill level 8 in Unarmed Combat
  2643 | D:5      | Reached * piety under Ashenzari
  2750 | D:5      | Found a blossoming altar of Fedhas.
  2803 | D:5      | Noticed Ijyb
  2818 | D:5      | Killed Ijyb
  3016 | D:6      | Reached skill level 9 in Unarmed Combat
  3034 | D:6      | Reached skill level 5 in Fighting
  3065 | D:6      | Noticed sveltemanboy's ghost (novice DsMo)
  3180 | D:6      | Reached XP level 9. HP: 48/71 MP: 11/11
  3339 | D:6      | Found a staircase to the Ecumenical Temple.
  3380 | D:6      | Killed sveltemanboy's ghost
  3452 | D:7      | Noticed Joseph
  3457 | D:6      | Reached skill level 10 in Unarmed Combat
  3587 | D:6      | Sergey: What do you think is better: warlock's mirror or shield of reflection?
  3734 | D:7      | 4thArraOfDagon: warlock!
  3759 | D:7      | Sergey: I already have 15 shields skill
  3759 | D:7      | 4thArraOfDagon: it even reflects enchantments like paralyze
  3759 | D:7      | 4thArraOfDagon: and most important: malmutations
  3759 | D:7      | Sergey: it's great
  3759 | D:7      | Sergey: thank you
  3759 | D:7      | 4thArraOfDagon: warlock is probably best shield you can find around
  3759 | D:7      | 4thArraOfDagon: and its stylish :)
  3830 | D:7      | 4thArraOfDagon: np
  3879 | D:7      | Found a hazy altar of Hepliaklqana.
  3977 | D:8      | Found a deep blue altar of Sif Muna.
  4147 | D:8      | Noticed a two-headed ogre
  4154 | D:8      | Killed a two-headed ogre
  4154 | D:8      | Gained mutation: When hurt, damage is shared between your health and your magic reserves. [demonic ancestry]
  4154 | D:8      | Reached XP level 10. HP: 80/80 MP: 12/12
  4165 | D:8      | STAY POSITIVE
  4181 | D:8      | Noticed Pikel
  4189 | D:8      | Killed Pikel
  4189 | D:8      | Reached skill level 11 in Unarmed Combat
  4407 | D:9      | Reached ** piety under Ashenzari
  4501 | D:9      | Found a basalt altar of Yredelemnul.
  4579 | D:9      | Found a radiant altar of Vehumet.
  4689 | D:9      | Found a shadowy altar of Dithmenos.
  4858 | D:10     | Entered Level 10 of the Dungeon
  4882 | D:10     | Reached skill level 5 in Dodging
  4916 | D:10     | Reached skill level 12 in Unarmed Combat
  5006 | D:10     | Gained mutation: You are robust. (+10% HP) [mutagenic meat]
  5192 | D:10     | Found Qexzyph's General Store.
  5205 | D:10     | Reached XP level 11. HP: 98/98 MP: 13/13
  5216 | D:10     | Bought a scroll of identify for 28 gold pieces
  5216 | D:10     | Bought a scroll of identify for 28 gold pieces
  5216 | D:10     | Bought a potion of heal wounds for 70 gold pieces
  5216 | D:10     | Bought a scroll of remove curse for 42 gold pieces
  5279 | D:11     | Noticed Erica
  5284 | D:11     | Killed Erica
  5363 | D:11     | Noticed Sonja
  5363 | D:11     | Noticed Sonja
  5363 | D:11     | Sonja changed into Sonja the yak
  5372 | D:11     | Killed Sonja the yak
  5471 | D:11     | Noticed an eight-headed hydra
  5486 | D:11     | Killed an eight-headed hydra
  5841 | D:12     | Noticed Psyche
  5852 | D:12     | Killed Psyche
  5852 | D:12     | Reached skill level 13 in Unarmed Combat
  5890 | D:12     | Noticed Harold
  5942 | D:12     | Noticed Erolcha
  6000 | D:12     | Killed Harold
  6054 | D:12     | Noticed a deep elf mage
  6173 | D:13     | Noticed a sun demon
  6279 | D:13     | Reached XP level 12. HP: 34/110 MP: 2/14
  6428 | D:13     | Found a roughly hewn altar of Beogh.
  6560 | D:13     | Noticed a seven-headed hydra
  6584 | D:13     | Killed a seven-headed hydra
  6699 | D:13     | Reached skill level 10 in Fighting
  6767 | D:13     | Reached *** piety under Ashenzari
  6851 | D:14     | Found Keam's Antique Armour Shop.
  6851 | D:14     | Noticed a tengu warrior
  6851 | D:14     | Noticed a two-headed ogre
  6866 | D:14     | Killed a two-headed ogre
  6866 | D:14     | Reached skill level 14 in Unarmed Combat
  6872 | D:14     | Killed a tengu warrior
  6963 | D:15     | Entered Level 15 of the Dungeon
  6992 | D:15     | Found a portal to a secret trove of treasure.
  6992 | D:15     | Noticed a two-headed ogre
  6993 | D:15     | Noticed a two-headed ogre
  6993 | D:15     | Noticed a two-headed ogre
  6994 | D:15     | Noticed an ogre mage
  6994 | D:15     | Noticed a two-headed ogre
  6996 | D:15     | Noticed a two-headed ogre
  7024 | D:15     | Killed a two-headed ogre
  7032 | D:15     | Killed a two-headed ogre
  7036 | D:15     | Killed a two-headed ogre
  7038 | D:15     | Killed a two-headed ogre
  7047 | D:15     | Noticed a tengu warrior
  7047 | D:15     | Noticed a two-headed ogre
  7072 | D:15     | Noticed a two-headed ogre
  7073 | D:15     | Noticed a two-headed ogre
  7075 | D:15     | Noticed an ogre mage
  7104 | D:15     | Killed a two-headed ogre
  7107 | D:15     | Noticed a two-headed ogre
  7110 | D:15     | Killed a two-headed ogre
  7117 | D:15     | Killed an ogre mage
  7123 | D:15     | Killed a two-headed ogre
  7164 | D:15     | Gained mutation: You have claws for hands. [demonic ancestry]
  7164 | D:15     | Reached XP level 13. HP: 111/120 MP: 12/15
  7202 | D:15     | Reached skill level 15 in Unarmed Combat
  7481 | D:14     | Noticed Frances
  7495 | D:15     | Noticed Roxanne
  7571 | D:15     | Reached skill level 1 in Spellcasting
  7782 | D:15     | HP: 4/121 [meliai/war axe of flaming (8)]
  7782 | D:15     | Slain by a meliai

Vault maps used:
D:1:      nicolae_arrival_washed_ashore, minmay_rat_gold_closets
D:2:      nicolae_qazlal_general_emergency, nicolae_tso_swordbearing_angel,
          nicolae_overflow_crystal_walls, uniq_natasha
D:3:      grunt_temple_overflow_order_and_chaos_2, trog_eyes_of_draining,
          first_bread
D:4:      nemelex_xobeh_ov_fountains_minmay, lemuel_crystal_altar,
          lemuel_coloured_pillars_altar, enter_ossuary_3, roderic_lattice_a
D:5:      lemuel_doored_altar, uniq_grinder, uniq_ijyb
D:6:      kennysheep_kobold_camp, temple_pool_b, uniq_crazy_yiuf_cottage
D:7:      basic_altar, uniq_joseph
D:8:      overflow_temple_1_default, uniq_pikel
D:9:      yredelemnul_altar_generic, vehumet_altar_wand_db, the_bakery,
          nicolae_dithmenos_shadow_blocks
D:10:     serial_shops, shop
D:11:     minmay_lair_entry_grove, orc_0_dummy, serial_shops, shop,
          hangedman_decor_clover_reticule, eino_small_chamber_without_monster,
          nrook_guardian_serpent_ordinary, uniq_nergalle, uniq_erica, uniq_sonja
D:12:     uniq_erolcha, uniq_psyche, uniq_harold
D:13:     david_defended_altar_orc
D:14:     grunt_vaults_entry_fortified, nicolae_ru_sacrificial_ziggurat,
          serial_shops, nicolae_shop_overgrown_old_shop, uniq_frances
D:15:     grunt_enter_depths_giant_problem, nicolae_trove_entry_free_sample,
          spider_trap, columned_hall_lemuel, uniq_urug, uniq_roxanne
Ossuary:  ossuary_boxes_badplayer

Skill      XL: |  1  2  3  4  5  6  7  8  9 10 11 12 13 |
---------------+----------------------------------------+-----
Unarmed Combat | 1 2 4 5 7 9 10 12 13 14 15 | 15.4
Evocations     | 1 2 3 |  3.1
Fighting       | 3 5 6 8 9 10 11 | 11.4
Dodging        | 2 5 7 8 9 |  9.4
Spellcasting   | 2 |  2.0
Throwing       | |  3.6
Stealth        | |  0.8

Action                   |  1- 3 |  4- 6 |  7- 9 | 10-12 | 13-15 || total
-------------------------+-------+-------+-------+-------+-------++-------
Melee: Short sword       |    45 |       |       |       |       ||    45
       Unarmed           |    54 |   240 |   432 |   648 |   127 ||  1501
       Punch             |     1 |     3 |     8 |    21 |     8 ||    41
Throw: Javelin           |     9 |       |    32 |     4 |       ||    45
       Throwing net      |     2 |       |       |     2 |       ||     4
 Abil: Evoke Berserk Rag |     2 |     5 |     8 |    15 |     5 ||    35
Evoke: Wand              |       |       |     4 |    39 |     1 ||    44
  Use: Scroll            |     1 |     6 |     5 |    15 |       ||    27
       Potion            |       |       |       |     5 |     4 ||     9
 Stab: Paralysed         |       |       |       |    21 |       ||    21
       Confused          |       |       |       |     2 |       ||     2
       Held in net/web   |       |       |       |     1 |       ||     1
  Eat: Chunk             |       |    10 |     5 |     9 |     6 ||    30
       Royal jelly       |       |       |     2 |     4 |       ||     6
       Bread ration      |       |       |     1 |       |       ||     1
       Fruit             |       |       |     3 |     4 |       ||     7
       Meat ration       |       |       |       |     1 |       ||     1
Armor: Ring mail         |    33 |    16 |       |       |       ||    49
       Chain mail        |       |    83 |   223 |   246 |       ||   552
       Troll leather arm |       |       |       |    38 |    15 ||    53
       Skin              |       |       |       |       |    23 ||    23
Dodge: Dodged            |    53 |    53 |    72 |   238 |    72 ||   488

Table legend:
 A = Spawn XP
 B = Non-spawn XP
 C = Spawn XP percentage of total XP
 D = Spawn monster count
 E = Non-spawn monster count
 F = Spawn count percentage of total count
 G = Total turns spent on level
                    A         B        C        D         E        F      G
               +---------+---------+-------+---------+---------+-------+---------
         Total |    3986 |   47648 |   7.7 |      29 |     354 |   7.6 |  7782
               +---------+---------+-------+---------+---------+-------+---------
           D:1 |       2 |      20 |   9.1 |       1 |      14 |   6.7 |   375
           D:2 |       0 |     179 |   0.0 |       0 |      23 |   0.0 |   603
           D:3 |      56 |     289 |  16.2 |       8 |      19 |  29.6 |   495
           D:4 |       0 |     190 |   0.0 |       0 |      14 |   0.0 |   352
           D:5 |      63 |     884 |   6.7 |       2 |      19 |   9.5 |   692
           D:6 |       0 |    2169 |   0.0 |       0 |      52 |   0.0 |   702
           D:7 |      14 |      11 |  56.0 |       1 |       4 |  20.0 |   232
           D:8 |      78 |    2002 |   3.8 |       1 |       8 |  11.1 |   341
           D:9 |       0 |    2607 |   0.0 |       0 |      39 |   0.0 |   585
          D:10 |     217 |    2771 |   7.3 |       7 |      25 |  21.9 |   467
          D:11 |       0 |    3009 |   0.0 |       0 |      10 |   0.0 |   315
          D:12 |     337 |    4786 |   6.6 |       2 |      21 |   8.7 |   462
          D:13 |      85 |    6870 |   1.2 |       1 |      26 |   3.7 |   749
          D:14 |       0 |    2183 |   0.0 |       0 |       3 |   0.0 |   115
          D:15 |    3134 |   19219 |  14.0 |       6 |      40 |  13.0 |   816
       Ossuary |       0 |     459 |   0.0 |       0 |      37 |   0.0 |   481
               +---------+---------+-------+---------+---------+-------+---------
